 Dungeon Crawl Stone Soup version 0.22.1-1-ga44c0e56f4 (webtiles) character file.

10872 D1HalberdGnoll the Destroyer (level 11, 0/97 HPs)
             Began as a Pale Draconian Conjurer on Nov 10, 2018.
             Was a Priest of Vehumet.
             Slain by a basilisk (1 damage)
             ... on level 2 of the Lair of Beasts.
             The game lasted 00:29:44 (14515 turns).

D1HalberdGnoll the Destroyer (DrCj)                Turns: 14515, Time: 00:29:45

Health: 0/97       AC: 13    Str: 10    XL:     11   Next: 41%
Magic:  22/22      EV:  2    Int: 19    God:    Vehumet [***...]
Gold:   790        SH:  0    Dex: 12    Spells: 12/25 levels left

rFire    + . .     SeeInvis .   C - +0 whip (venom)
rCold    + . .     Gourm    .   (no shield)
rNeg     + + +     Faith    .   (armour unavailable)
rPois    ∞         Spirit   .   (helmet restricted)
rElec    .         Reflect  .   E - scarf {rC+ rF+}
rCorr    .         Harm     .   n - +2 pair of gloves
MR       +....                  u - +2 pair of boots
Stlth    ++........             (no amulet)
HPRegen  0.26/turn              A - ring of protection from magic
MPRegen  0.18/turn              (no ring)

@: petrified
A: breathe steam, unfitting armour, cold-blooded, AC +7
a: Breathe Steam, Renounce Religion


You were on level 2 of the Lair of Beasts.
You worshipped Vehumet.
Vehumet was most pleased with you.
You were not hungry.

You visited 3 branches of the dungeon, and saw 12 of its levels.
You also visited: Ossuary.

You collected 790 gold pieces.

Inventory:

Hand Weapons
 C - a +0 whip of venom (weapon)
Missiles
 p - a throwing net (quivered)
Armour
 k - the +0 pair of gloves "Beucapp" {rPois Slay+2, unknown}
   (You found it on level 1 of the Lair of Beasts)

   It affects your accuracy and damage with ranged weapons and melee attacks
   (+2).
   It protects you from poison.
 n - a +2 pair of gloves (worn)
 u - a +2 pair of boots (worn)
 E - a scarf of resistance (worn)
Jewellery
 A - a ring of protection from magic (left hand)
Wands
 o - a wand of digging (15)
 q - a wand of random effects (15)
 s - a wand of iceblast (14)
 D - a wand of enslavement (10)
 F - a wand of acid (2)
Scrolls
 c - 3 scrolls of enchant weapon
 d - 3 scrolls of immolation
 f - 5 scrolls of teleportation
 g - a scroll of enchant armour
 v - a scroll of fog
 w - a scroll of remove curse
 y - 3 scrolls of vulnerability {unknown}
 H - a scroll of amnesia
Potions
 a - 4 potions of might
 e - 7 potions of curing
 h - 3 potions of agility {unknown}
 i - a potion of haste {unknown}
 j - a potion of invisibility {unknown}
 l - 2 potions of magic {unknown}
 m - a potion of degeneration {unknown}
 r - 2 potions of lignification {unknown}
 t - 6 potions of heal wounds {unknown}
 x - a potion of brilliance {unknown}
 z - 4 potions of mutation {unknown}
 B - a potion of cancellation {unknown}
 G - a potion of flight {unknown}
Comestibles
 b - 19 rations


   Skills:
 + Level 9.1 Fighting
 + Level 7.4 Dodging
 - Level 1.7 Stealth
 + Level 7.9 Spellcasting
 - Level 12.0 Conjurations
 + Level 0.3 Evocations


You had 12 spell levels left.
You knew the following spells:

 Your Spells              Type           Power        Failure   Level  Hunger
a - Magic Dart            Conj           ####         1%          1    None
b - Searing Ray           Conj           ######       1%          2    None
c - Dazzling Spray        Conj/Hex       ####..       1%          3    None
d - Conjure Flame         Conj/Fire      ####....     1%          3    None
e - Mephitic Cloud        Conj/Pois/Air  ###.....     1%          3    None
s - Animate Skeleton      Necr           N/A          10%         1    None

Your spell library contained the following spells:

 Spells                   Type           Power        Failure   Level  Hunger
 Static Discharge         Conj/Air       ####....     1%          3    None
 Iskenderun's Mystic Bla  Conj           ######..     1%          4    ###....
 Force Lance              Conj/Tloc      ####....     2%          4    ###....
 Fulminant Prism          Conj/Hex       ####......   2%          4    ###....
 Apportation              Tloc           #.....       10%         1    None
 Confusing Touch          Hex            #.....       10%         1    None
 Corona                   Hex            #......      10%         1    None
 Summon Small Mammal      Summ           #...         10%         1    None
 Ensorcelled Hibernation  Hex/Ice        #.....       14%         2    None
 Poisonous Vapours        Pois/Air       #.....       14%         2    None
 Confuse                  Hex            #.......     28%         3    None
 Tukima's Dance           Hex            #.......     28%         3    None
 Freezing Cloud           Conj/Ice/Air   ###.......   54%         6    ######.
 Ring of Flames           Chrm/Fire      #.........   100%        7    #######


Dungeon Overview and Level Annotations

Branches:
Dungeon (9/15)             Temple (1/1) D:5            Lair (2/6) D:9
    Orc (0/2) D:9
  Swamp: Lair:2-4    Shoals: Lair:2-4     Snake: Lair:2-4    Spider: Lair:2-4

Altars:
Ashenzari
Cheibriados
Dithmenos
Elyvilon
Fedhas
Gozag
Hepliaklqana
Kikubaaqudgha
Makhleb
Nemelex Xobeh
Okawaru
Qazlal
Ru
Sif Muna
Trog
Uskayaw
Vehumet
Wu Jian
Xom
Yredelemnul
Zin
The Shining One

Shops:
D:8 }

Annotations:
D:7 exclusion: downstairs
D:8 exclusion: downstairs


Innate Abilities, Weirdness & Mutations

You can breathe blasts of scalding, opaque steam.
Your pale cyan-grey scales are hard. (AC +7)
You cannot fit into any form of body armour.
You are cold-blooded and may be slowed by cold attacks.


Message History

* * * LOW HITPOINT WARNING * * *
The basilisk bites you!
* * * LOW HITPOINT WARNING * * *
The black mamba bites you!
* * * LOW HITPOINT WARNING * * *
The bullfrog hits you but does no damage.
The komodo dragon bites you!
* * * LOW HITPOINT WARNING * * *
The black mamba bites you but does no damage.
The basilisk bites you.
* * * LOW HITPOINT WARNING * * *
The bullfrog hits you.
* * * LOW HITPOINT WARNING * * *
The black mamba bites you!
* * * LOW HITPOINT WARNING * * *
The komodo dragon bites you!
* * * LOW HITPOINT WARNING * * *
The black mamba bites you but does no damage.
The bullfrog hits you. The basilisk bites you.
You die...

#..$ ##... .
#.... #### ..
#....#.#.#...
##............
#.......F.....
##...........
#....@l......
##..lSF......
#...r.......
#............
#.............
...............
...............
...............


You could see a komodo dragon, a black mamba, a basilisk, 2 bullfrogs and a
porcupine.

Vanquished Creatures
  A two-headed ogre (D:8)
  3 spiny frogs (Lair:1)
  A kobold demonologist (D:9)
  A komodo dragon (D:9)
  3 blink frogs (Lair:1)
  4 hippogriffs
  Sigmund (D:5)
  7 yaks
  A tarantella (shapeshifter) (D:9)
  Grum (Lair:1)
  A wyvern (Lair:1)
  A basilisk (Lair:1)
  3 steam dragons
  2 hungry ghosts
  Menkaure (D:5)
  Edmund (D:4)
  A porcupine (Lair:1)
  5 sky beasts
  3 orc warriors
  2 ice beasts
  3 wolves (Lair:1)
  6 ogres
  A phantom (D:4)
  4 centaurs
  A crocodile (D:8)
  Blork the orc (D:4)
  6 bullfrogs
  3 elf skeletons (D:5)
  2 scorpions
  4 wights
  4 crimson imps
  4 howler monkeys
  3 hounds
  A human zombie (D:5)
  A quasit (D:9)
  3 bullfrog skeletons
  4 orc priests
  2 jellies
  2 human skeletons (D:5)
  Ijyb (D:5)
  An iguana (D:6)
  8 orc wizards
  9 worker ants
  A killer bee zombie (D:7)
  A big kobold zombie (Ossuary)
  A hound skeleton (D:3)
  8 mummies (Ossuary)
  3 worker ant zombies
  2 howler monkey zombies
  10 adders
  12 gnolls
  A shadow imp (D:7)
  3 oozes
  2 adder skeletons
  An adder zombie (D:6)
  A worm (D:3)
  7 leopard geckos
  27 orcs
  3 ball pythons
  9 giant cockroaches
  2 gnoll zombies (Ossuary)
  8 goblins
  12 hobgoblins
  7 kobolds
  4 quokkas
  7 bats
  7 frilled lizards
  A hobgoblin zombie (Ossuary)
  2 kobold zombies (Ossuary)
  A leopard gecko zombie (D:8)
  2 orc zombies (Ossuary)
  8 rats
270 creatures vanquished.

Vanquished Creatures (collateral kills)
  A blink frog (Lair:1)
  A centaur (D:9)
2 creatures vanquished.

Vanquished Creatures (others)
  An adder (D:8)
  An orc (D:8)
2 creatures vanquished.

Grand Total: 274 creatures vanquished

Notes
Turn   | Place    | Note
-------+----------+-------------------------------------------
     0 | D:1      | D1HalberdGnoll the Draconian Conjurer began the quest for
                  | the Orb.
     0 | D:1      | Reached XP level 1. HP: 14/14 MP: 3/3
   174 | D:1      | Reached XP level 2. HP: 18/22 MP: 1/5
   538 | D:1      | Reached skill level 1 in Fighting
   858 | D:2      | Learned a level 2 spell: Searing Ray
  1006 | D:2      | Reached XP level 3. HP: 28/28 MP: 3/6
  1335 | D:2      | Found a sacrificial altar of Ru.
  1384 | D:2      | Reached XP level 4. HP: 36/36 MP: 3/7
  1395 | D:2      | Reached skill level 5 in Conjurations
  1847 | D:2      | Found a shadowy altar of Dithmenos.
  2143 | D:2      | Reached XP level 5. HP: 41/41 MP: 4/9
  2432 | D:3      | Learned a level 3 spell: Dazzling Spray
  3229 | D:3      | Found a shimmering altar of Xom.
  3297 | D:3      | Reached XP level 6. HP: 51/51 MP: 6/10
  3832 | D:4      | Reached skill level 6 in Conjurations
  4084 | D:4      | Your scales start taking on a pale cyan-grey colour.
  4084 | D:4      | Reached XP level 7. HP: 46/57 MP: 0/12
  4519 | D:4      | Found a sparkling altar of Nemelex Xobeh.
  4575 | D:4      | Noticed Blork the orc
  4582 | D:4      | Killed Blork the orc
  4830 | D:4      | Noticed Edmund
  4844 | D:4      | Killed Edmund
  4844 | D:4      | Reached skill level 7 in Conjurations
  5126 | D:5      | Entered Level 5 of the Dungeon
  5220 | D:5      | Reached XP level 8. HP: 57/67 MP: 4/14
  5291 | D:5      | Noticed Ijyb
  5301 | D:5      | Killed Ijyb
  5505 | D:5      | Found a sand-covered staircase.
  5520 | D:5      | Reached skill level 5 in Fighting
  5536 | Ossuary  | Entered an ossuary
  5947 | Ossuary  | Reached skill level 8 in Conjurations
  6251 | D:5      | Found an iron altar of Okawaru.
  6265 | D:5      | Noticed Sigmund
  6324 | D:5      | Killed Sigmund
  6338 | D:5      | Reached skill level 5 in Spellcasting
  6440 | D:5      | Noticed Menkaure
  6447 | D:5      | Killed Menkaure
  6559 | D:5      | Found a staircase to the Ecumenical Temple.
  6594 | Temple   | Entered the Ecumenical Temple
  6691 | Temple   | Became a worshipper of Vehumet
  7077 | D:5      | Learned a level 1 spell: Animate Skeleton
  7125 | D:6      | Reached XP level 9. HP: 75/75 MP: 7/16
  7775 | D:6      | Reached skill level 9 in Conjurations
  8152 | D:6      | Found an ornate altar of the Wu Jian Council.
  8152 | D:6      | Found a bloodstained altar of Trog.
  8152 | D:6      | Found a deep blue altar of Sif Muna.
  8724 | D:7      | Reached skill level 5 in Dodging
  9362 | D:7      | Reached * piety under Vehumet
  9362 | D:7      | Offered knowledge of Sandblast by Vehumet.
  9497 | D:7      | Reached skill level 10 in Conjurations
  9779 | D:7      | Found a white marble altar of Elyvilon.
  9779 | D:7      | Found a hide-covered altar of Uskayaw.
  9953 | D:7      | Found a shadowy altar of Dithmenos.
 10150 | D:8      | Reached XP level 10. HP: 86/86 MP: 14/19
 10230 | D:8      | Found Ivaki's Gadget Boutique.
 10448 | D:8      | Noticed a two-headed ogre
 10458 | D:8      | Killed a two-headed ogre
 10675 | D:8      | Found an iron altar of Okawaru.
 10686 | D:8      | Offered knowledge of Throw Frost by Vehumet.
 10706 | D:8      | Reached ** piety under Vehumet
 11307 | D:9      | Noticed a rust devil
 11321 | D:9      | Reached skill level 11 in Conjurations
 11821 | D:9      | Found a staircase to the Lair.
 11844 | D:9      | Found a burning altar of Makhleb.
 11847 | D:9      | Noticed a balrug
 11848 | D:9      | Found a glowing silver altar of Zin.
 11849 | D:9      | Noticed an angel
 11860 | D:9      | Found a white marble altar of Elyvilon.
 12278 | D:9      | Found a staircase to the Orcish Mines.
 12288 | D:9      | Noticed a death knight
 12506 | D:9      | Offered knowledge of Static Discharge by Vehumet.
 12697 | Lair:1   | Entered Level 1 of the Lair of Beasts
 12697 | Lair:1   | Noticed a spiny frog
 12701 | Lair:1   | Killed a spiny frog
 12837 | Lair:1   | Reached XP level 11. HP: 84/95 MP: 13/21
 12973 | Lair:1   | Learned a level 3 spell: Conjure Flame
 12977 | Lair:1   | Learned a level 3 spell: Mephitic Cloud
 13197 | Lair:1   | Reached *** piety under Vehumet
 13732 | Lair:1   | Noticed Grum
 13764 | Lair:1   | Killed Grum
 13764 | Lair:1   | Reached skill level 12 in Conjurations
 14121 | Lair:1   | Got a pair of jewelled gloves
 14514 | Lair:2   | HP: 1/97 [komodo dragon (4)]
 14515 | Lair:2   | Slain by a basilisk

Skill      XL: |  1  2  3  4  5  6  7  8  9 10 11 |
---------------+----------------------------------+-----
Fighting       | 1 2 3 4 5 7 8 9 |  9.1
Conjurations   | 5 6 7 8 10 11 12 | 12.0
Spellcasting   | 3 4 5 6 7 |  7.9
Dodging        | 2 3 4 5 6 7 |  7.4
Stealth        | |  1.7
Evocations     | |  0.3

Action                   |  1- 3 |  4- 6 |  7- 9 | 10-12 || total
-------------------------+-------+-------+-------+-------++-------
Melee: Unarmed           |     9 |       |       |       ||     9
       Tailslap          |     3 |     8 |    15 |     6 ||    32
       Dagger            |    19 |    82 |   104 |       ||   205
       Mace              |       |       |    27 |    40 ||    67
       Whip              |       |       |       |    11 ||    11
Throw: Throwing net      |       |       |       |     1 ||     1
 Cast: Magic Dart        |    45 |   104 |   179 |    91 ||   419
       Searing Ray       |     4 |    17 |    52 |    51 ||   124
       Dazzling Spray    |       |       |     4 |     5 ||     9
       Animate Skeleton  |       |       |       |     6 ||     6
       Conjure Flame     |       |       |       |     1 ||     1
 Abil: Breathe Steam     |       |       |    20 |    25 ||    45
Evoke: Wand              |       |     3 |       |     3 ||     6
  Use: Scroll            |       |     9 |     6 |     3 ||    18
 Stab: Sleeping          |       |       |     2 |       ||     2
  Eat: Chunk             |     2 |     7 |    14 |     8 ||    31
       Ration            |       |     1 |     2 |     3 ||     6
Armor: Skin              |     7 |    59 |    72 |    72 ||   210
Dodge: Dodged            |    15 |    87 |    97 |   122 ||   321
